 Dungeon Crawl Stone Soup version 0.31.0-11-ge490571c62 (webtiles) character file.

Game seed: 1666479833179981777

220 Bravepunisher the Ducker (level 5, -5/28 HPs)
             Began as a Spriggan Monk on Jan 29, 2024.
             Was a Priest of Okawaru.
             Killed by divine providence
             ... invoked by an orc priest
              (16 damage)
             ... on level 4 of the Dungeon.
             The game lasted 00:10:03 (3161 turns).

Bravepunisher the Ducker (Spriggan Monk)            Turns: 3161, Time: 00:10:04

Health: -5/28      AC:  2    Str:  7    XL:     5   Next: 64%
Magic:  8/8        EV: 25    Int: 11    God:    Okawaru [***...]
Gold:   193        SH:  0    Dex: 20    Spells: 4/4 levels left

rFire   . . .        s - +0 rapier
rCold   . . .        (no shield)
rNeg    . . .        b - +0 robe
rPois   .            (helmet restricted)
rElec   .            i - scarf {shadows}
rCorr   .            (gloves unavailable)
SInv    +            (boots unavailable)
Will    .....        (no amulet)
Stlth   +++          (no ring)
HPRegen 0.24/turn    (no ring)
MPRegen 0.11/turn

%: no passive effects
@: heroic, very quick
A: very small, no large weapons, unfitting armour, see invisible, speed 3
a: Renounce Religion, Heroism


You were on level 4 of the Dungeon.
You worshipped Okawaru.
Okawaru was most pleased with you.
You visited 2 branches of the dungeon, and saw 5 of its levels.

You collected 193 gold pieces.

Inventory:

Hand Weapons
 s - a +0 rapier (weapon)
Armour
 b - a +0 robe (worn)
 i - a scarf of shadows (worn)
Scrolls
 d - a scroll of blinking {unknown}
 f - 2 scrolls of identify {unknown}
 h - a scroll of fear {unknown}
 l - a scroll of teleportation {unknown}
 m - 2 scrolls of torment {unknown}
 n - a scroll of revelation {unknown}
 p - a scroll of noise {unknown}
 r - a scroll of fog {unknown}
Potions
 a - a potion of magic {unknown}
 c - 2 potions of enlightenment {unknown}
 g - a potion of degeneration {unknown}
 j - 2 potions of lignification
 k - a potion of resistance {unknown}
 o - a potion of might {unknown}
 q - a potion of heal wounds {unknown}


   Skills:
 + Level 3.5(8.5) Fighting
 - Level 3.2(8.2) Short Blades
 - Level 5.0(10.0) Dodging
 * Level 3.9 Invocations


You had 4 spell levels left.
You didn't know any spells.
Your spell library contained the following spells:

 Spells                   Type           Power      Damage    Failure   Level
 Apportation              Tloc           0%         N/A       34%         1
 Necrotise                Necr           0%         1d4       34%         1
 Sting                    Conj/Alch      0%         1d3       34%         1
 Summon Small Mammal      Summ           Unusable   N/A       N/A         1

Dungeon Overview and Level Annotations

Branches:
Dungeon (4/15)             Temple (1/1) D:4

Altars:
Cheibriados
Elyvilon
Kikubaaqudgha
Makhleb
Nemelex Xobeh
Okawaru
Qazlal
Ru
Sif Muna
Trog
Uskayaw
Vehumet
Xom
Zin


Innate Abilities, Weirdness & Mutations

You are very small and have problems with some larger weapons.
You are too small for most types of armour.
You have supernaturally acute eyesight. (SInv)
You cover ground extremely quickly. (Speed+++)


Message History

The orc wizard is severely wounded.
The orc wizard casts a spell.
The orc wizard flickers and vanishes for a moment.
You feel better.
The orc wizard hits you with a +0 dagger.
You puncture the orc wizard!
You kill the orc wizard!
Okawaru accepts your kill.
You closely miss the orc priest. The orc priest misses you.
You barely miss the orc priest.
The orc priest invokes the aid of Beogh against you.
Pain shoots through your body!
You hit the orc priest but do no damage.
You hit the orc priest but do no damage.
The orc priest hits you with a +0 falchion of protection.
You hit the orc priest.
The orc priest is moderately wounded.
The orc priest misses you.
An endoplasm comes into view.
You barely miss the orc priest.
The orc priest is moderately wounded.
The orc priest barely misses you.
You hit the orc priest but do no damage.
You punch the orc priest, but do no damage.
The orc priest is moderately wounded.
The orc priest misses you.
You closely miss the orc priest. You punch the orc priest.
The orc priest is moderately wounded.
You barely miss the orc priest.
The orc priest is moderately wounded.
The orc priest completely misses you.
You hit the orc priest but do no damage.
The orc priest is moderately wounded.
The orc priest misses you.
You hit the orc priest but do no damage.
The orc priest is moderately wounded.
The orc priest invokes the aid of Beogh against you.
Beogh smites you!
Ouch! That really hurt!
You die...

####### ....... ####
######### #.. . #...
!J. #. #.## #o#
#######.###.## #o#
#.............
#@###.#####.#.####
###...........#.## #
#...<....#####...###
#.#####..# ##.###.#.
#. #..# #..# #... .
#..# #..###.## ##
#####..# #.#...##
.......###.##.##
####.......##.#


You could see an orc priest, an orc and an endoplasm.

Vanquished Creatures
  A bombardier beetle (D:4)
  A hound (D:4)
  An orc wizard (D:4)
  5 adders
  2 dart slugs (D:1)
  11 orcs
  6 bats
  7 endoplasms
  A giant cockroach (D:2)
  8 hobgoblins
  2 jackals (D:3)
  11 ball pythons
  3 frilled lizards
  6 goblins
  9 kobolds
  4 rats
78 creatures vanquished.

Notes
Turn   | Place    | Note
-------+----------+-------------------------------------------
     0 | D:1      | Bravepunisher the Spriggan Monk began the quest for the
                  | Orb.
     0 | D:1      | Reached XP level 1. HP: 11/11 MP: 2/2
    37 | D:1      | Found a faded altar of an unknown god.
    44 | D:1      | Prayed at the altar of an unknown god.
    44 | D:1      | Became a worshipper of Warmaster Okawaru
    44 | D:1      | Reached * piety under Okawaru
    44 | D:1      | Reached ** piety under Okawaru
   132 | D:1      | Reached XP level 2. HP: 9/16 MP: 3/3
   138 | D:1      | Reached skill level 1 in Invocations
   634 | D:1      | Reached XP level 3. HP: 19/19 MP: 5/5
  1231 | D:2      | Reached XP level 4. HP: 21/24 MP: 6/6
  1741 | D:3      | Reached *** piety under Okawaru
  2134 | D:3      | HP: 1/24 [iguana (13)]
  2317 | D:3      | Reached skill level 5 in Dodging
  2733 | D:4      | Found a staircase to the Ecumenical Temple.
  2763 | Temple   | Entered the Ecumenical Temple
  2801 | D:4      | Reached XP level 5. HP: 19/28 MP: 8/8
  3161 | D:4      | Killed from afar by an orc priest

Illustrated notes

Levels and vault maps discovered:
D:1:      tarquinn_simple_flora_water_e, layout_rooms,
          shapermc_ecumenical_altar_gd, minmay_tromino_v2
D:2:      layout_basic
D:3:      layout_basic
D:4:      minmay_diamond_boxcup, layout_loops_ring,
          minmay_temple_entry_overgrown, ebering_ghost_inner_flame
Temple:   nicolae_temple_figure_eight

Skill      XL: |  1  2  3  4 |
---------------+-------------+-----
Invocations    | 1 2 3 |  3.9
Fighting       | 3 |  3.5
Dodging        | 5 |  5.0
Short Blades   | |  3.2

Action                     |  1- 3 |  4- 6 || total
---------------------------+-------+-------++-------
  Melee: Short sword       |   160 |   139 ||   299
         Punch             |     4 |     2 ||     6
         Rapier            |       |    59 ||    59
 Invoke: Heroism           |     1 |     3 ||     4
    Use: Potion            |     5 |     2 ||     7
   Stab: Sleeping          |     2 |     3 ||     5
 Armour: Robe              |    33 |    39 ||    72
         Skin              |     9 |     2 ||    11
  Dodge: Dodged            |   120 |   142 ||   262
